 Dungeon Crawl Stone Soup version 0.16-a0-3770-gc215ce9 (webtiles) character file.

179664 Johnny the Spry (level 18, -11/134 HPs)
             Began as an Octopode Fighter on Jan 24, 2015.
             Was a High Priest of Okawaru.
             Killed from afar by a merfolk aquamancer (42 damage)
             ... with a shard of ice
             ... while paralysed
             ... on level 5 of the Shoals on Jan 25, 2015.
             The game lasted 02:36:00 (41695 turns).

Johnny the Spry (Octopode Fighter)                 Turns: 41695, Time: 02:36:00

Health: -11/134    AC:  5    Str: 19    XL:     18   Next: 24%
Magic:  40/40      EV:  2    Int: 10    God:    Okawaru [*****.]
Gold:   1650       SH:  0    Dex: 24    Spells: 4 memorised, 12 levels left

rFire  + . .     SeeInvis +     J - +9 demon blade (venom)
rCold  + . .     Clarity  .     P - +1 shield {reflect}
rNeg   + . .     SustAb   .     r - +2 hat {MR+}
rPois  +         Gourm    .     R - amulet of regeneration
rElec  .         Spirit   .     q - ring of protection from fire
rCorr  .         Warding  .     o - +3 ring of dexterity
rMut   .         Stasis   .     s - ring of poison resistance
MR     +++..                    n - ring "Cotoor" {AC+2 Stlth+}
Stlth  ++++++++++               D - ring of see invisible
                                W - ring of protection from fire
                                u - ring of wizardry
                                V - ring of Jazecot {rF- rC+ rN+ MR+ MP+9}

@: paralysed, agile, exhausted, heroism, very slightly contaminated, hasted and
slowed, extremely resistant to hostile enchantments, uncannily stealthy
A: almost no armour, amphibious, 8 rings, constrict 8, camouflage 1, blurry
vision 1, regeneration 1, gelatinous body 1, MP-powered wands 1
a: Heroism, Finesse, Renounce Religion


You were on level 5 of the Shoals.
You worshipped Okawaru.
Okawaru was extremely pleased with you.
You were not hungry.

You visited 7 branches of the dungeon, and saw 34 of its levels.
You also visited: Labyrinth, Bailey and Volcano.

You collected 3478 gold pieces.
You spent 1828 gold pieces at shops.

Inventory:

Hand weapons
 c - a +4 double sword of flaming
 i - a +7 long sword of holy wrath
 J - a +9 demon blade of venom (weapon)
 U - the +7 falchion "Wagobaad" {slice, rC++ MR+ Str+4}
   (You bought it in a shop on level 3 of the Orcish Mines)

   It inflicts extra damage upon your enemies.
   It affects your strength (+4).
   It greatly protects you from cold.
   It affects your resistance to hostile enchantments.
Armour
 r - a +2 hat of magic resistance (worn)
 P - a +1 shield of reflection (worn)
Jewellery
 l - an uncursed ring of protection from cold
 n - the ring "Cotoor" (on tentacle) {AC+2 Stlth+}
   (You acquired it on level 7 of the Lair of Beasts)

   [ring of protection]

   It affects your AC (+2).
   It makes you more stealthy.
 o - a +3 ring of dexterity (right tentacle)
 q - a ring of protection from fire (left tentacle)
 s - a ring of poison resistance (on tentacle)
 u - a ring of wizardry (on tentacle)
 v - a +5 ring of strength
 D - a ring of see invisible (on tentacle)
 R - an amulet of regeneration (around mantle)
 V - the ring of Jazecot (on tentacle) {rF- rC+ rN+ MR+ MP+9}
   (You found it on level 1 of the Shoals)

   [ring of magical power]

   It makes you vulnerable to fire.
   It protects you from cold.
   It protects you from negative energy.
   It affects your resistance to hostile enchantments.
   It affects your magic capacity (+9).
 W - a ring of protection from fire (on tentacle)
Magical devices
 g - a wand of slowing (15)
 y - a wand of teleportation (5)
 A - a wand of fireball (0)
 C - a wand of enslavement (18)
 Q - a wand of confusion (13)
Scrolls
 a - 3 scrolls of fog
 m - 2 scrolls of vulnerability
 p - a scroll of teleportation
 z - 12 scrolls of remove curse
 F - a scroll of enchant armour
 G - 2 scrolls of magic mapping
 H - 7 scrolls of recharging
 I - a scroll of fear
 M - a scroll of holy word
 T - a scroll of amnesia
Potions
 f - 2 potions of flight
 j - 3 potions of might
 w - 7 potions of brilliance
 x - a potion of magic
 E - 5 potions of ambrosia
 O - a potion of restore abilities
 S - 2 potions of agility
 Y - 2 potions of curing
 Z - 2 potions of cancellation
Miscellaneous
 e - a phial of floods (inert)
 h - 2 stones of tremors (inert)
 k - a box of beasts {used: 5}
 B - a phantom mirror
 N - a sack of spiders {used: 10}
Comestibles
 b - 5 meat rations
 d - 21 bread rations
 t - 7 fruits


   Skills:
 * Level 15.4(20.4) Fighting
 * Level 8.8(13.8) Long Blades
 * Level 15.8(20.8) Dodging
 * Level 10.1(15.1) Stealth
 * Level 15.7(20.7) Shields
 + Level 3.2 Spellcasting
 - Level 1.6 Charms
 - Level 10.0 Translocations
 + Level 2.5 Invocations
 + Level 10.7 Evocations


You had 12 spell levels left.
You knew the following spells:

 Your Spells              Type           Power        Failure   Level  Hunger
a - Blink                 Tloc           N/A          1%          2    ###....
b - Apportation           Tloc           ###.......   1%          1    #......
c - Phase Shift           Tloc           ###.......   6%          5    ######.
d - Flight                Chrm/Air       #.........   32%         3    ###....


Dungeon Overview and Level Annotations

Branches:
Dungeon (11/15)            Temple (1/1) D:6            Lair (8/8) D:11
 Shoals (5/5) Lair:4        Snake (3/5) Lair:3        Slime (0/6) Lair:8
    Orc (4/4) D:10            Elf (2/3) Orc:3

Altars:
Ashenzari
Cheibriados
Dithmenos
Elyvilon
Fedhas
Gozag
Kikubaaqudgha
Makhleb
Nemelex Xobeh
Okawaru
Qazlal
Ru
Sif Muna
Trog
Vehumet
Xom
Yredelemnul
Zin
The Shining One
Beogh
Jiyva

Shops:
D:9 [   Orc:2 (   Orc:3 }(*}   Orc:4 (=[*   Elf:1 (   Shoals:1 [   Shoals:4 :
Shoals:5 (

Annotations:
D:11 runed door


Innate Abilities, Weirdness & Mutations

You cannot wear most types of armour.
You are amphibious.
You can wear up to eight rings at the same time.
You can use your tentacles to constrict many enemies at once.
Your skin changes colour to match your surroundings (Stealth).
Your rubbery body absorbs attacks (AC +1).
Scrolls take you a little longer to read.
Your natural rate of healing is unusually fast.
You expend magic power (3 MP) to slightly strengthen your wands.


Message History

The merfolk aquamancer is engulfed in a cloud of scalding steam.
The merfolk aquamancer gestures at you while chanting.
The shard of ice hits you! You partially resist.
* * * LOW HITPOINT WARNING * * *
Unknown command.
You release your grip on the water nymph.
Things that are here:
a harpy corpse x2
Unknown command.
You open the water nymph like a pillowcase!!!
You kill the water nymph!
Okawaru accepts your kill.
You feel a strong urge to attack something.
You are no longer berserk.
You pass out from exhaustion.
You feel yourself slow down.
The merfolk aquamancer casts a spell at you.
Helpless, you fail to dodge the shard of ice.
You partially resist.
You die...

≈≈X≈≈≈≈≈≈E#≈.≈≈≈#≈m≈# ≈.....
≈≈≈≈≈*≈≈≈≈#≈≈≈≈≈≈≈m≈# .≈≈≈≈≈≈
≈≈≈≈≈≈≈≈≈≈.≈≈≈≈.#≈.≈# ≈≈≈≈≈≈≈≈
≈≈≈≈≈≈≈≈≈≈#≈≈#≈#≈≈≈ ≈≈≈≈≈≈≈≈≈
≈≈≈≈≈≈≈≈≈≈#≈≈≈≈≈.φ# ≈≈≈≈≈≈≈≈≈≈≈
≈≈≈≈≈≈≈..≈#.≈m≈..#≈ ≈≈≈≈≈≈≈≈≈≈≈≈
≈≈≈≈≈≈≈≈≈≈≈##≈≈≈≈≈# ..≈≈≈≈≈≈≈≈≈≈≈
≈≈≈≈≈≈≈≈≈≈≈≈.†#####.......≈≈≈≈≈≈≈
≈≈≈≈≈≈≈≈≈≈≈≈)m†≈@....(....≈≈≈≈≈≈≈
≈≈≈≈≈≈≈≈≈≈≈≈≈######........≈≈≈≈≈≈
≈≈≈≈≈≈≈≈≈..≈## #.......≈≈≈≈≈≈
≈≈≈≈≈≈≈≈≈..## #......≈≈≈≈≈≈
≈≈≈≈≈≈≈≈≈..# #.#...!.≈≈≈≈≈≈
≈≈≈≈≈≈≈≈≈.## #......≈≈≈≈≈
≈≈≈≈≈≈.<≈≈.# #.....≈≈≈≈≈≈
≈≈≈≈≈≈..≈≈.# #.....≈≈≈≈≈≈
≈≈≈≈≈≈≈≈...# #.....≈≈≈≈≈≈


You could see a merfolk aquamancer.

Vanquished Creatures
  Polyphemus (Shoals:4)
  Frances (Shoals:1)
  Ilsuiw (Shoals:5)
  An orc warlord (Orc:4)
  2 greater nagas (Snake:3)
  Gastronok (D:11)
  An emperor scorpion (Lair:6)
  A minotaur (Lab)
  6 merfolk javelineers
  Snorg (Orc:2)
  A great orb of eyes (Lair:6)
  8 merfolk impalers
  Josephine (D:10)
  Harold (D:11)
  7 naga warriors
  5 anacondas
  7 hydras
  Erica (D:11)
  2 merfolk avatars
  4 merfolk aquamancers
  26 death yaks
  2 naga sharpshooters
  Urug (D:11)
  An orc high priest (Orc:2)
  Nergalle (Orc:4)
  9 deep elf knights
  A shock serpent (Snake:2)
  4 catoblepae
  13 sea snakes
  3 iron trolls
  2 deep trolls
  3 deep elf summoners (Elf:1)
  2 hill giants (D:10)
  An unseen horror (D:11)
  2 naga ritualists
  Pikel (D:5)
  17 harpies
  4 fauns
  8 orc knights
  2 mana vipers (Snake:3)
  4 deep elf conjurers
  4 orc sorcerers
  13 griffons
  7 manticores
  12 elephants
  3 cyclopes
  2 salamanders
  9 water nymphs
  11 sirens
  3 guardian serpents
  20 black mambas
  2 gargoyles
  3 torpor snails
  9 naga magi
  Psyche (D:11)
  13 spiny frogs
  9 komodo dragons
  4 fire drakes
  24 merfolk
  9 trolls
  3 deep elf priests (Elf:1)
  The ghost of Vidiiot the Ruffian, an average TrEE (D:5)
  A large abomination (Elf:1)
  4 two-headed ogres
  10 polar bears
  A wandering mushroom (Lair:6)
  12 blink frogs
  8 snapping turtles
  2 redbacks (Elf:1)
  2 basilisks
  13 water elementals
  12 hippogriffs
  Eustachio (D:8)
  A wyvern (Lair:1)
  A hungry ghost (D:9)
  23 deep elf magi
  56 yaks
  19 nagas
  A hog (Volcano)
  10 wolves
  7 deep elf fighters
  Edmund (D:4)
  8 porcupines
  2 sky beasts
  5 wargs
  8 ice beasts (Lair:2)
  2 necrophages
  28 water moccasins
  A mottled dragon (D:11)
  17 black bears
  18 ogres
  24 orc warriors
  4 slaves (D:5)
  14 centaurs
  A boring beetle (Lair:6)
  11 crocodiles
  A big kobold (D:11)
  13 giant frogs
  2 scorpions
  The ghost of Vidiiot the Ruffian, a weakling TrEE (D:4)
  7 killer bees
  2 electric eels (Lair:3)
  A troll skeleton (D:11)
  8 wights
  4 crimson imps
  A giant frog zombie (D:10)
  5 goliath beetles
  2 centaur skeletons (D:11)
  15 hounds
  4 jellies
  Crazy Yiuf (D:3)
  2 giant frog skeletons (D:10)
  A hell rat (Elf:1)
  27 orc wizards
  9 iguanas
  12 orc priests
  54 sheep
  7 worker ants
  Ijyb (D:5)
  2 hound zombies
  2 hound skeletons (D:10)
  3 worker ant zombies
  A mummy (D:9)
  4 gnolls (Orc:2)
  28 adders
  32 river rats
  A giant mite (D:6)
  A worm (D:3)
  5 shadow imps
  4 adder skeletons
  An adder zombie (D:5)
  4 giant geckos
  An ooze (D:2)
  109 orcs
  15 bats
  8 giant cockroaches
  20 goblins
  17 hobgoblins
  10 jackals (D:2)
  A ball python (D:3)
  5 giant newts
  A giant spore (D:8)
  16 kobolds
  2 orc zombies (Orc:4)
  17 quokkas
  19 rats
  A spectral orc (Orc:4)
  3 ballistomycetes
  2 plants
1165 creatures vanquished.

Vanquished Creatures (collateral kills)
  Nessos (Orc:3)
  A death yak (Shoals:4)
  An orc high priest (Orc:4)
  An iron troll (Lair:4)
  An orc knight (Orc:4)
  2 merfolk (Shoals:5)
  A warg (Orc:3)
  5 orc warriors (Orc:4)
  A boring beetle (Lair:4)
  2 orc wizards
  2 orc priests (Orc:4)
  7 orcs
25 creatures vanquished.

Vanquished Creatures (others)
  A satyr (Shoals:5)
  A lindwurm (Volcano)
  A naga mage (Snake:3)
  4 drowned souls (Shoals:2)
  2 water elementals
  A fire drake (Volcano)
  7 trapdoor spiders
  6 spiders
  4 chimeras (Shoals:5)
  2 earth elementals
  A giant mite (Orc:4)
  A giant spore (D:9)
  26 fungi
  12 plants
  4 tentacles (Shoals:5)
  256 tentacle segments (Shoals:5)
329 creatures vanquished.

Grand Total: 1519 creatures vanquished

Notes
Turn   | Place    | Note
--------------------------------------------------------------
     0 | D:1      | Johnny, the Octopode Fighter, began the quest for the Orb.
     0 | D:1      | Reached XP level 1. HP: 16/16 MP: 1/1
    49 | D:1      | You fall through a shaft!
   139 | D:2      | Reached XP level 2. HP: 18/21 MP: 2/2
   338 | D:2      | Found a shadowy altar of Dithmenos.
   340 | D:2      | Reached XP level 3. HP: 26/26 MP: 3/3
   533 | D:1      | Reached XP level 4. HP: 29/32 MP: 4/4
  1547 | D:3      | Noticed Crazy Yiuf
  1553 | D:3      | Killed Crazy Yiuf
  1553 | D:3      | Reached XP level 5. HP: 37/37 MP: 5/5
  1863 | D:4      | Noticed an ogre
  1872 | D:4      | Killed an ogre
  1872 | D:4      | Reached skill level 4 in Fighting
  2112 | D:4      | Noticed Edmund
  2121 | D:4      | Killed Edmund
  2121 | D:4      | Reached XP level 6. HP: 17/44 MP: 6/6
  2122 | D:4      | Gained mutation: You evolve. [potion of beneficial mutation]
  2470 | D:4      | Found a shattered altar of Ashenzari.
  2470 | D:4      | Found a stormy altar of Qazlal.
  2471 | D:4      | Found an opulent altar of Gozag.
  2893 | D:4      | Found a white marble altar of Elyvilon.
  3005 | D:4      | Noticed Vidiiot's ghost (weakling TrEE)
  3012 | D:4      | Killed Vidiiot's ghost
  3387 | D:5      | Entered Level 5 of the Dungeon
  3422 | D:5      | Reached XP level 7. HP: 38/49 MP: 7/7
  3432 | D:5      | Noticed Vidiiot's ghost (average TrEE)
  3696 | D:5      | Killed Vidiiot's ghost
  3696 | D:5      | Reached skill level 5 in Fighting
  3696 | D:5      | Reached skill level 5 in Dodging
  3696 | D:5      | Reached skill level 5 in Shields
  3855 | D:5      | Gained mutation: You rapidly evolve. [evolution]
  4099 | D:5      | Found a white marble altar of Elyvilon.
  4462 | D:5      | Reached XP level 8. HP: 56/56 MP: 8/8
  4627 | D:5      | Noticed Pikel
  4632 | D:5      | Killed Pikel
  4632 | D:5      | Reached skill level 6 in Fighting
  5331 | D:5      | Gained mutation: Your spells are a little harder to cast, but a little more powerful. [evolution]
  5654 | D:5      | Noticed Ijyb
  5662 | D:5      | Killed Ijyb
  5733 | D:6      | Found a staircase to the Ecumenical Temple.
  5745 | Temple   | Entered the Ecumenical Temple
  5943 | Temple   | Became a worshipper of Trog the Wrathful
  6155 | D:6      | Got a transparent trident
  6156 | D:6      | Identified the +6 trident "Killer Klown's Bane" {flame, +Rage rC+ rN- MP+9} (You found it on level 6 of the Dungeon)
  6161 | D:6      | Found a shimmering altar of Xom.
  6228 | D:6      | Reached XP level 9. HP: 63/63 MP: 9/9
  6281 | D:6      | Reached skill level 7 in Fighting
  6976 | D:7      | Gained mutation: You heal slowly when monsters are visible. [evolution]
  6981 | D:7      | Acquired Trog's first power
  7548 | D:7      | Lost mutation: You heal slowly when monsters are visible. [evolution]
  7758 | D:8      | Noticed Eustachio
  7761 | D:8      | Found a snail-covered altar of Cheibriados.
  7779 | D:8      | Reached skill level 8 in Fighting
  7784 | D:8      | Killed Eustachio
  7967 | D:8      | Found a radiant altar of Vehumet.
  8795 | D:9      | Acquired Trog's second power
  8830 | D:9      | Gained mutation: You can translocate small distances at will. [evolution]
  8853 | D:9      | Reached XP level 10. HP: 66/73 MP: 10/10
  9487 | D:9      | Reached skill level 9 in Dodging
  9539 | D:9      | Found Ciagruaq's Armour Boutique.
 10119 | D:10     | Entered Level 10 of the Dungeon
 10265 | D:10     | Reached skill level 1 in Evocations
 10576 | D:10     | Noticed Josephine
 10693 | D:10     | Killed Josephine
 10966 | D:10     | Reached XP level 11. HP: 72/81 MP: 14/16
 10991 | D:10     | Noticed a hill giant
 10992 | D:10     | Found a staircase to the Orcish Mines.
 11004 | D:10     | Killed a hill giant
 11334 | D:10     | Noticed a hill giant
 11339 | D:10     | Killed a hill giant
 11456 | D:10     | Reached skill level 10 in Shields
 11557 | D:10     | Lost mutation: You can translocate small distances at will. [evolution]
 11617 | Orc:1    | Entered Level 1 of the Orcish Mines
 11738 | Orc:1    | Reached skill level 10 in Fighting
 11738 | Orc:1    | Reached skill level 10 in Dodging
 11961 | Orc:2    | Found a flagged portal.
 11978 | Bailey   | Entered a bailey
 11978 | Bailey   | Noticed an orc knight
 11978 | Bailey   | Noticed an orc knight
 12008 | Bailey   | Noticed an orc knight
 12009 | Bailey   | Noticed an orc knight
 12043 | Bailey   | Killed an orc knight
 12046 | Bailey   | Killed an orc knight
 12057 | Bailey   | HP: 4/81 [orc warrior/bolt (20)]
 12185 | Bailey   | Killed an orc knight
 12276 | Bailey   | Killed an orc knight
 12498 | Bailey   | Got a bound jade ring
 12499 | Bailey   | Identified the ring of Inwumusch {rC- Str+6 Dex-5 SInv} (You found it in a bailey)
 12594 | Orc:2    | Acquired Trog's third power
 12633 | Orc:2    | Gained mutation: You are resistant to electric shocks. [evolution]
 12660 | Orc:2    | Noticed Snorg
 12675 | Orc:2    | Killed Snorg
 12675 | Orc:2    | Reached skill level 5 in Evocations
 12706 | Orc:2    | Found an iron altar of Okawaru.
 12873 | Orc:2    | Noticed an orc high priest
 12891 | Orc:2    | Killed an orc high priest
 13117 | Orc:2    | Found Werr's Weapon Emporium.
 13212 | Orc:3    | Found a staircase to the Elven Halls.
 13223 | Orc:3    | Found Uddun's Gadget Shop.
 13307 | Orc:3    | Noticed Nessos
 13308 | Orc:3    | Found Cafitoo's Weapon Boutique.
 13341 | Orc:3    | Killed Nessos
 13341 | Orc:3    | Reached XP level 12. HP: 49/89 MP: 21/21
 13489 | Orc:3    | Found a roughly hewn altar of Beogh.
 13491 | Orc:3    | Reached skill level 11 in Shields
 13586 | Orc:3    | Found Maakh's Gadget Emporium.
 13658 | Orc:3    | Found Prebam's Assorted Antiques.
 13661 | Orc:3    | Bought a scroll of identify for 60 gold pieces
 13661 | Orc:3    | Bought a potion of curing for 90 gold pieces
 13661 | Orc:3    | Bought a scroll of identify for 60 gold pieces
 13780 | Orc:3    | Received a gift from Trog
 13995 | Orc:4    | Entered Level 4 of the Orcish Mines
 14852 | Orc:4    | Noticed an orc warlord
 14995 | Orc:4    | Killed an orc warlord
 15155 | Orc:4    | Noticed an orc high priest
 15164 | Orc:4    | Killed an orc high priest
 15199 | Orc:4    | Noticed Nergalle
 15346 | Orc:4    | Found a roughly hewn altar of Beogh.
 15385 | Orc:4    | Found Ceofom's General Store.
 15418 | Orc:4    | Found Vurphuxzo's Jewellery Shoppe.
 15434 | Orc:4    | Found Fetz's Antique Weapon Shoppe.
 15450 | Orc:4    | Found Thupseg's Antique Armour Shoppe.
 15457 | Orc:4    | Bought an embroidered hat for 84 gold pieces
 15535 | Orc:4    | Killed Nergalle
 15557 | Orc:4    | Lost mutation: Your spells are a little harder to cast, but a little more powerful. [evolution]
 15738 | Orc:4    | Bought an uncursed ring of see invisible for 195 gold pieces
 15738 | Orc:4    | Bought an uncursed ring of protection from magic for 325 gold pieces
 15809 | Elf:1    | Entered Level 1 of the Elven Halls
 15819 | Elf:1    | Received a gift from Trog
 15914 | Elf:1    | Reached skill level 12 in Dodging
 15975 | Elf:1    | Reached XP level 13. HP: 79/97 MP: 23/23
 16389 | Elf:1    | Found Pnaorug's Antique Weapon Boutique.
 16614 | Elf:1    | Noticed a deep elf death mage
 16728 | Elf:2    | HP: 3/98 [deep elf knight/stone arrow (20)]
 17187 | Orc:3    | Bought the +7 falchion "Wagobaad" {slice, rC++ MR+ Str+4} for 1014 gold pieces
 17312 | D:11     | Noticed Erica
 17385 | D:11     | Noticed Harold
 17400 | D:11     | Killed Harold
 17408 | D:11     | Noticed Urug
 17417 | D:11     | Killed Urug
 17526 | D:11     | Noticed Psyche
 17537 | D:11     | Reached skill level 13 in Dodging
 17539 | D:11     | Killed Psyche
 17584 | D:11     | Noticed Gastronok
 17591 | D:11     | Killed Erica
 17601 | D:11     | Killed Gastronok
 17718 | D:11     | Reached XP level 14. HP: 106/106 MP: 26/26
 17973 | D:11     | Found a runed door.
 18107 | D:11     | Received a gift from Trog
 18168 | D:11     | Found a staircase to the Lair.
 18549 | Lair:1   | Entered Level 1 of the Lair of Beasts
 18616 | Lair:1   | Found a dark tunnel.
 18636 | Volcano  | Entered a volcano
 18741 | Volcano  | Gained mutation: Your natural rate of healing is unusually fast. [evolution]
 19508 | Lair:1   | Was placed under penance by Trog
 19510 | Lair:1   | Learned a level 1 spell: Apportation
 19513 | Lair:1   | Learned a level 2 spell: Blink
 19519 | Lair:1   | Learned a level 5 spell: Phase Shift
 19523 | Lair:1   | Learned a level 3 spell: Flight
 19596 | Lair:2   | Reached skill level 1 in Translocations
 19674 | Lair:2   | Fell from the grace of Trog
 20681 | Lair:3   | Found a staircase to the Snake Pit.
 20788 | Lair:3   | Reached skill level 5 in Translocations
 20862 | Lair:3   | Found a labyrinth entrance.
 20878 | Lab      | Entered a labyrinth
 21408 | Lab      | Identified the Disquisition on Conjuration (You found it in a labyrinth)
 21452 | Snake:1  | Entered Level 1 of the Snake Pit
 22553 | Lair:4   | Reached skill level 1 in Stealth
 23036 | Lair:4   | Found a staircase to the Shoals.
 24539 | Lair:5   | Reached XP level 15. HP: 111/111 MP: 27/27
 24947 | Lair:6   | Reached skill level 5 in Long Blades
 25213 | Lair:6   | Reached skill level 1 in Charms
 25520 | Lair:7   | Identified a scroll of acquirement
 25523 | Lair:7   | Got an ancient granite ring
 25525 | Lair:7   | Identified the ring "Cotoor" {AC+2 Stlth+} (You acquired it on level 7 of the Lair of Beasts)
 25910 | Lair:7   | Learned a level 2 spell: Slow
 25910 | Lair:7   | Lost mutation: You rapidly evolve. [potion of cure mutation]
 25910 | Lair:7   | Lost mutation: You evolve. [potion of cure mutation]
 25910 | Lair:7   | Lost mutation: You are resistant to electric shocks. [potion of cure mutation]
 26218 | Lair:7   | Reached skill level 14 in Dodging
 26545 | Lair:8   | Entered Level 8 of the Lair of Beasts
 26968 | Lair:8   | Was forgiven by Trog
 27017 | Lair:8   | Reached skill level 5 in Stealth
 28058 | Lair:8   | Found a viscous altar of Jiyva.
 28059 | Lair:8   | Found a staircase to the Slime Pits.
 28814 | Lair:6   | Reached XP level 16. HP: 115/119 MP: 28/28
 30031 | D:11     | Got an ivory demon blade
 30033 | D:11     | Identified the +5 demon blade of Okawaru's Reproof {freeze, rPois- Int+6} (You found it on level 11 of the Dungeon)
 33194 | Orc:2    | Became a worshipper of Warmaster Okawaru
 34735 | Snake:3  | Reached skill level 15 in Dodging
 35131 | Snake:3  | Acquired Okawaru's first power
 36532 | Shoals:1 | Entered Level 1 of the Shoals
 36556 | Shoals:1 | Found Paof's Armour Shoppe.
 36563 | Shoals:1 | Reached skill level 15 in Shields
 36572 | Shoals:1 | Got a shimmering turquoise ring
 36574 | Shoals:1 | Identified the ring of Jazecot {rF- rC+ rN+ MR+ MP+9} (You found it on level 1 of the Shoals)
 36832 | Shoals:1 | Noticed Frances
 36847 | Shoals:1 | Gained mutation: You expend magic power (3 MP) to slightly strengthen your wands. [a neqoxec]
 36848 | Shoals:1 | Gained mutation: Scrolls take you a little longer to read. [a neqoxec]
 36849 | Shoals:1 | Killed Frances
 36849 | Shoals:1 | Reached skill level 1 in Spellcasting
 36849 | Shoals:1 | Reached XP level 17. HP: 81/126 MP: 29/29
 37786 | Shoals:2 | Reached skill level 10 in Evocations
 38039 | Shoals:2 | Reached skill level 15 in Fighting
 38867 | Shoals:3 | Reached skill level 10 in Translocations
 39671 | Shoals:4 | Noticed Polyphemus
 39830 | Shoals:4 | Acquired Okawaru's second power
 39930 | Shoals:4 | Reached skill level 1 in Invocations
 39989 | Shoals:4 | Found Xoomym's Book Shoppe.
 40421 | Shoals:4 | Received a gift from Okawaru
 40816 | Shoals:4 | Killed Polyphemus
 40986 | Shoals:5 | Entered Level 5 of the Shoals
 41088 | Shoals:5 | Reached XP level 18. HP: 43/134 MP: 31/31
 41203 | Shoals:5 | Found Niplim's Weapon Boutique.
 41221 | Shoals:5 | Noticed Ilsuiw
 41248 | Shoals:5 | Killed Ilsuiw
 41524 | Shoals:5 | Reached skill level 10 in Stealth
 41695 | Shoals:5 | Killed from afar by a merfolk aquamancer

Action                   |  1- 3 |  4- 6 |  7- 9 | 10-12 | 13-15 | 16-18 || total
-------------------------+-------+-------+-------+-------+-------+-------++-------
Melee: Long sword        |    61 |    69 |       |       |       |    12 ||   142
       Flail             |       |    25 |   195 |   574 |   127 |       ||   921
       Short sword       |       |       |    23 |       |       |       ||    23
       Scimitar          |       |       |     8 |     5 |    53 |       ||    66
       Falchion          |       |       |       |       |   159 |    65 ||   224
       Demon blade       |       |       |       |       |  1135 |  1035 ||  2170
       Double sword      |       |       |       |       |       |   106 ||   106
Throw: Tomahawk          |       |       |     1 |       |       |       ||     1
 Cast: Blink             |       |       |       |       |   112 |    54 ||   166
       Phase Shift       |       |       |       |       |       |    51 ||    51
       Apportation       |       |       |       |       |       |     1 ||     1
Invok: Berserk           |       |       |       |    21 |     9 |       ||    30
       Trog's Hand       |       |       |       |    18 |    12 |       ||    30
       Brothers in Arms  |       |       |       |       |     1 |       ||     1
       Renounce Religion |       |       |       |       |     1 |       ||     1
       Heroism           |       |       |       |       |       |    10 ||    10
 Abil: Blink             |       |       |       |     3 |       |       ||     3
Evoke: Wand              |       |       |     1 |    17 |     4 |    18 ||    40
       Sack of spiders   |       |       |       |    12 |     4 |     3 ||    19
       Stone of tremors  |       |       |       |       |     2 |     2 ||     4
       Box of beasts     |       |       |       |       |       |     7 ||     7
       Phial of floods ( |       |       |       |       |       |     2 ||     2
  Use: Potion            |       |     4 |     1 |     5 |    18 |     9 ||    37
       Scroll            |       |       |    14 |    10 |    21 |    13 ||    58
 Stab: Sleeping          |     4 |     7 |     8 |     8 |    25 |    20 ||    72
       Paralysed         |       |       |       |     8 |       |       ||     8
       Invisible         |       |       |       |     1 |       |       ||     1
       Distracted        |       |       |       |       |     4 |    11 ||    15
       Petrifying        |       |       |       |       |       |     1 ||     1
  Eat: Chunk             |       |     4 |    14 |    41 |    42 |    53 ||   154
       Meat ration       |       |     1 |       |       |     4 |       ||     5
       Beef jerky        |       |       |     1 |     3 |     2 |     4 ||    10
       Fruit             |       |       |     1 |    11 |    14 |    24 ||    50
       Royal jelly       |       |       |       |       |     5 |     1 ||     6
       Pizza             |       |       |       |       |     3 |     1 ||     4
